 Dungeon Crawl Stone Soup version 0.32-a0-711-g016ad743e0 (webtiles) character file.

Game seed: 1106629401114556557

1141 runemasterragnar the Fighter (level 8, -14/63 HPs)
             Began as an Octopode Ice Elementalist on Mar 15, 2024.
             Demolished by Edmund
             ... wielding a +8 heavy dire flail
              (20 damage)
             ... on level 5 of the Dungeon.
             The game lasted 00:07:15 (3912 turns).

runemasterragnar the Fighter (OpIE)                 Turns: 3912, Time: 00:07:16

Health: -14/63     AC:  1    Str:  9    XL:     8   Next: 37%
Magic:  6/12       EV: 13    Int: 18    God:
Gold:   246        SH:  0    Dex: 12    Spells: 6/13 levels left

rFire   . . .        g - staff of the Past {rElec Conj}
rCold   . . .        (no shield)
rNeg    . . .        (helmet restricted)
rPois   .            (no amulet)
rElec   +            (no ring)
rCorr   .            (no ring)
SInv    .            (no ring)
Will    .....        (no ring)
Stlth   ++++         (no ring)
HPRegen 0.30/turn    (no ring)
MPRegen 0.13/turn    (no ring)
                     (no ring)

%: no passive effects
@: weak-willed
A: almost no armour, amphibious, 8 rings, camouflage 1, gelatinous body 1,
(nimble swimmer 1), tentacles
a: no special abilities


You were on level 5 of the Dungeon.
You visited 1 branch of the dungeon, and saw 5 of its levels.

You collected 246 gold pieces.

Inventory:

Magical Staves
 g - the staff of the Past (weapon) {rElec Conj}
   (You found it on level 4 of the Dungeon)

   [staff of conjuration]

   Base accuracy: +5 Base damage: 5 Base attack delay: 1.2 This weapon's minimum
   attack delay (0.6) is reached at skill level 12.
   rElec:     It insulates you from electricity.
   Conj:      It increases the power of your Conjurations spells.
   It falls into the 'Staves' category.
   It is a one-tentacled weapon.
Jewellery
 k - an amulet of regeneration
Wands
 i - a wand of digging (6)
 o - a wand of flame (11)
Scrolls
 c - a scroll of noise
 f - a scroll of torment {unknown}
 j - a scroll of fog
 r - a scroll of revelation {unknown}
Potions
 a - a potion of magic
 b - a potion of haste
 e - a potion of mutation
 m - 4 potions of curing
 p - 2 potions of enlightenment
 q - 2 potions of berserk rage {unknown}


   Skills:
 + Level 9.3 Fighting
 + Level 3.6 Dodging
 + Level 4.9 Stealth
 + Level 3.2 Spellcasting
 * Level 9.0 Conjurations
 + Level 5.8 Ice Magic
 + Level 0.6 Evocations


You had 6 spell levels left.
You knew the following spells:

 Your Spells              Type           Power      Damage    Failure   Level
a - Freeze                Ice            96%        1d10      1%          1
b - Ozocubu's Armour      Ice            24%        N/A       4%          3
c - Hailstorm             Conj/Ice       44%        3d9       2%          3

Your spell library contained the following spells:

 Spells                   Type           Power      Damage    Failure   Level
 Frozen Ramparts          Ice            48%        1d8       4%          3
 Summon Ice Beast         Ice/Summ       13%        N/A       14%         3
 Call Canine Familiar     Summ           2%         N/A       43%         3
 Sigil of Binding         Hex            2%         N/A       43%         3
 Dimensional Bullseye     Hex/Tloc       1%         N/A       85%         4


Dungeon Overview and Level Annotations

Branches:
Dungeon (5/15)
 Temple: D:4-7

Altars:
Dithmenos

Shops:
D:3 (*=   D:4 [:

Annotations:
D:2 1 runed translucent door, Crazy Yiuf
D:5 Edmund


Innate Abilities, Weirdness & Mutations

You cannot wear most types of armour.
You are amphibious.
You can wear up to eight rings at the same time.
Your skin changes colour to match your surroundings (Stealth+).
Your rubbery body absorbs attacks. (AC +1, EV +1)
((You are camouflaged when in or above water. (Stealth+)))
You have tentacles for arms and can constrict up to eight enemies at once.


Message History

The gnolls pick up the pace!
Edmund the Younger comes into view.
He is wielding a +8 heavy dire flail.
The gnoll closely misses you. The gnoll hits you with a +0 flail.
The gnoll attacks as it pursues you! The gnoll completely misses you.
Casting: Hailstorm (dangerous; 12% risk of failure)
Confirm with . or Enter, or press ? or * to list all spells.
You can't see any susceptible monsters within range! (Use Z to cast anyway.) Unknown command.
Okay, then.
Okay, then.
Okay, then.
Okay, then.
As you read the scroll labelled NONOAHEXUG, it dissolves into smoke.
It was a scroll of fog.
The gnoll closely misses you. The gnoll hits you with a +0 flail!
* * * LOW HITPOINT WARNING * * *
Unknown command.
As you read the scroll labelled RAPACU MYAN, it crumbles to dust.
Edmund shouts!
A wave of despondency washes over your surroundings.
It was a scroll of vulnerability.
The gnoll misses you. The gnoll closely misses you.
Okay, then.
As you read the scroll labelled UKEYM OCUYDD, it crumbles to dust.
It is a scroll of amnesia.
Okay, then.
The gnoll misses you. The gnoll hits you with a +0 flail.
* * * LOW HITPOINT WARNING * * *
It was a potion of experience.
You feel more experienced!
Your Fighting skill gained 7 levels and is now at level 9!
Your Conjurations skill gained 8 levels and is now at level 9!
You have reached level 8!
The gnoll hits you with a +0 flail.
* * * LOW HITPOINT WARNING * * *
The howler monkey hoots and howls with incredible vigour!
Edmund hits you with a +8 heavy dire flail!!
You die...
Edmund whines, "They better pay attention to me now!"

##########
##############.........
.............§§§§§.....
g........g..§§§g§§.....
.........$..§hg@@§.....
........gh.)§§g######+##########
.............§§#...##..........<
...............#...##.###......#
...............#...##.###.####.#
.......!........^..'......# #.#
##.........)...#...##.#.#.# #.#
...............###.##...#.# #.#
....#..........# #.##..##.# #.#


You could see Edmund (weak-willed), a howler monkey (catching breath) and 3
gnolls.

Vanquished Creatures
  Sigmund (D:4)
  A scorpion (D:4)
  A bombardier beetle (D:4)
  2 hounds
  A jelly (D:4)
  A sleepcap (D:5)
  Jessica (D:3)
  2 iguanas (D:4)
  2 gnolls (D:5)
  4 adders
  3 dart slugs
  10 orcs (D:4)
  7 bats
  7 endoplasms
  3 giant cockroaches
  4 goblins
  5 hobgoblins
  4 jackals (D:4)
  8 quokkas
  8 ball pythons
  4 frilled lizards
  4 kobolds
  5 rats
88 creatures vanquished.

Notes
Turn   | Place    | Note
-------+----------+-------------------------------------------
     0 | D:1      | runemasterragnar the Octopode Ice Elementalist began the
                  | quest for the Orb.
     0 | D:1      | Reached XP level 1. HP: 11/11 MP: 3/3
   110 | D:1      | Reached XP level 2. HP: 15/17 MP: 3/5
   507 | D:1      | Reached XP level 3. HP: 12/22 MP: 4/6
   598 | D:1      | Found a faded altar of an unknown god.
   954 | D:2      | Reached skill level 1 in Fighting
   979 | D:2      | Learned a level 3 spell: Ozocubu's Armour
  1303 | D:2      | Reached XP level 4. HP: 28/28 MP: 7/7
  1599 | D:2      | Found a runed translucent door.
  1600 | D:2      | Noticed Crazy Yiuf
  1932 | D:3      | Noticed Jessica
  1938 | D:3      | Killed Jessica
  1939 | D:3      | Reached XP level 5. HP: 24/33 MP: 6/8
  2006 | D:3      | Found Ygrasa's Jewellery Boutique.
  2345 | D:3      | Found Wate's Assorted Antiques.
  2393 | D:3      | Found Qar Efu's Antique Weapon Boutique.
  2524 | D:4      | Reached skill level 5 in Ice Magic
  2525 | D:4      | Found Seow's Book Boutique.
  2553 | D:4      | Found a shadowy altar of Dithmenos.
  2562 | D:4      | Noticed Sigmund
  2611 | D:4      | Killed Sigmund
  2612 | D:4      | Reached XP level 6. HP: 9/39 MP: 8/10
  2819 | D:4      | Reached XP level 7. HP: 45/45 MP: 2/11
  2927 | D:4      | Identified the staff of the Past {rElec Conj}
  2954 | D:4      | Learned a level 3 spell: Hailstorm
  3485 | D:4      | Found Fompeuh's Antique Armour Boutique.
  3852 | D:5      | Entered Level 5 of the Dungeon
  3902 | D:5      | Reached skill level 1 in Conjurations
  3907 | D:5      | Noticed Edmund
  3912 | D:5      | Reached XP level 8. HP: 10/63 MP: 6/12
  3912 | D:5      | Demolished by Edmund

Illustrated notes

Levels and vault maps discovered:
D:1:      giann_horns, layout_loops_ring, shapermc_ecumenical_altar_ellora
D:2:      layout_basic, chequers_serial_rivers_room_b, minmay_octomino_j4,
          uniq_crazy_yiuf_cottage
D:3:      layout_loops_ring, serial_shops, nicolae_shop_real_fake_doors,
          nicolae_shop_hallway_stairs, nicolae_shop_gaudy_bauble, uniq_jessica
D:4:      layout_gridville, mainiacjoe_overflow_chevrons, serial_shops, shop,
          shop, uniq_sigmund
D:5:      layout_basic, nicolae_overflow_crystal_walls,
          nicolae_overflow_hidden_temple, uniq_pikel, uniq_edmund

Skill      XL: |  1  2  3  4  5  6  7 |
---------------+----------------------+-----
Stealth        | 3 4 |  4.9
Fighting       | 1 2 9 |  9.3
Ice Magic      | 5 |  5.8
Dodging        | 3 |  3.6
Spellcasting   | 3 |  3.2
Conjurations   | 9 |  9.0
Evocations     | |  0.6

Action                     |  1- 3 |  4- 6 |  7- 9 || total
---------------------------+-------+-------+-------++-------
  Melee: Unarmed           |    86 |    96 |     2 ||   184
         Constrict         |    23 |    18 |    17 ||    58
         Tentacles         |    23 |     9 |    17 ||    49
         Punch             |     1 |     1 |       ||     2
         Staff             |       |       |    36 ||    36
   Cast: Freeze            |     9 |    13 |       ||    22
         Ozocubu's Armour  |       |     1 |       ||     1
         Hailstorm         |       |       |     2 ||     2
  Evoke: Wand              |       |     1 |       ||     1
    Use: Scroll            |     2 |     3 |     4 ||     9
         Potion            |       |     5 |     1 ||     6
   Stab: Sleeping          |    13 |    10 |     2 ||    25
         Distracted        |       |       |     1 ||     1
 Armour: Skin              |    55 |   154 |    25 ||   234
  Dodge: Dodged            |    32 |    80 |    39 ||   151

Table legend: (Time is in decaauts)
 A = Elapsed time spent in this place.
 B = Non-inter-level travel time spent in this place.
 C = Inter-level travel time spent in this place.
 D = Time resting spent in this place.
 E = Time spent auto-exploring this place.
 F = Levels seen in this place.
 G = Mean time per level.
                   A        B        C        D        E       F      G
               +--------+--------+--------+--------+--------+-----+--------+
         Total |   3898 |   3762 |    136 |    169 |   2899 |   5 |  779.6 |
       Dungeon |   3898 |   3762 |    136 |    169 |   2899 |   5 |  779.6 |
               +--------+--------+--------+--------+--------+-----+--------+

Top non-repeatable levels by time:
     D:4: 1360 daAuts
     D:1: 947 daAuts
     D:2: 928 daAuts
     D:3: 601 daAuts
     D:5: 60 daAuts
